 Dungeon Crawl Stone Soup version 0.20-a0-629-gc37eb77 (webtiles) character file.

27 seren the Gusty (level 3, -3/19 HPs)
             Began as a Tengu Air Elementalist on Feb 10, 2017.
             Slain by a hobgoblin
             ... wielding a +0 club
              (5 damage)
             ... on level 1 of the Dungeon.
             The game lasted 00:04:31 (756 turns).

seren the Gusty (Tengu Air Elementalist)             Turns: 756, Time: 00:04:32

Health: -3/19      AC:  2    Str:  8    XL:     3   Next: 10%
Magic:  0/7        EV: 12    Int: 16    God:
Gold:   32         SH:  0    Dex: 14    Spells: 0/6 levels left

rFire    . . .     SeeInvis .   e - +0 dagger
rCold    . . .     Gourm    .   a - +0 robe
rNeg     . . .     Faith    .   (no shield)
rPois    .         Spirit   .   (helmet restricted)
rElec    .         Reflect  .   (no cloak)
rCorr    .         Harm     .   (no gloves)
MR       .....                  (boots unavailable)
Stlth    ++........             (no amulet)
Regen    0.1/turn               (no ring)
                                (no ring)

@: no status effects
A: beak, talons 3
a: no special abilities


You were on level 1 of the Dungeon.
You were not hungry.

You visited 1 branch of the dungeon, and saw 1 of its levels.

You collected 32 gold pieces.

Inventory:

Hand Weapons
 e - a +0 dagger (weapon)
Armour
 a - a +0 robe (worn)
Books
 b - a book of Air

   Spells                             Type                      Level
   a - Shock                          Conjuration/Air              1
   b - Swiftness                      Charms/Air                   2
   c - Static Discharge               Conjuration/Air              3
   d - Airstrike                      Air                          4
   e - Lightning Bolt                 Conjuration/Air              5
Comestibles
 c - a bread ration
 d - a chunk of flesh


   Skills:
 - Level 2.1 Dodging
 - Level 2.0 Stealth
 - Level 2.0 Spellcasting
 + Level 3.1 Conjurations
 + Level 4.7 Air Magic


You couldn't memorise any spells.
You knew the following spells:

 Your Spells              Type           Power        Failure   Level  Hunger
a - Shock                 Conj/Air       ##..         6%          1    #......
b - Swiftness             Chrm/Air       #.......     14%         2    ###....
c - Static Discharge      Conj/Air       ##......     14%         3    ###....


Dungeon Overview and Level Annotations

Branches:
Dungeon (1/15)

Altars:


Innate Abilities, Weirdness & Mutations

You have a beak for a mouth.
You have claws for feet.


Message History

The hobgoblin is severely wounded.
The hobgoblin hits you with a club.
* * * LOW HITPOINT WARNING * * *
Casting: Shock
Confirm with . or Enter, or press ? or * to list all spells.
Aiming: Shock
Press: ? - help, Shift-Dir - straight line, f/p - hobgoblin
Aim: a hobgoblin, wielding a club and wearing a ring mail (heavily wounded)
The zap hits the hobgoblin.
The hobgoblin is almost dead.
The hobgoblin hits you but does no damage.
You closely miss the hobgoblin.
You claw the hobgoblin, but do no damage.
The hobgoblin is almost dead.
The hobgoblin hits you with a club.
* * * LOW HITPOINT WARNING * * *
You barely miss the hobgoblin. Your kick misses the hobgoblin.
The hobgoblin is almost dead.
The hobgoblin hits you with a club.
You die...

############ #..........#
#..........# #..........#
##..........# #...........#
###...........# ####
#######......@......# #...
##.>.##...#...g......# #...
##....................# #####.#
#...............###.### #....#.
#...............###.######.###.#
#..........>...............##.#.
##..........#............#####.#
##........##..........#....#.#.
#######....######........##...#.#


You could see a hobgoblin.

Vanquished Creatures
  3 dart slugs (D:1)
  A leopard gecko (D:1)
  A giant cockroach (D:1)
  A hobgoblin (D:1)
  A jackal (D:1)
  6 kobolds (D:1)
  A bat (D:1)
  A frilled lizard (D:1)
  4 goblins (D:1)
19 creatures vanquished.

Notes
Turn   | Place    | Note
-------+----------+-------------------------------------------
     0 | D:1      | seren the Tengu Air Elementalist began the quest for the Orb.
     0 | D:1      | Reached XP level 1. HP: 10/10 MP: 4/4
    80 | D:1      | Reached XP level 2. HP: 8/15 MP: 0/6
   603 | D:1      | Reached XP level 3. HP: 19/19 MP: 3/7
   624 | D:1      | Learned a level 2 spell: Swiftness
   628 | D:1      | Learned a level 3 spell: Static Discharge
   756 | D:1      | Slain by a hobgoblin

Vault maps used:
D:1:      lightli_arrival_chessboard

Skill      XL: |  1  2 |
---------------+-------+-----
Conjurations   | 2 3 |  3.1
Dodging        | |  2.1
Stealth        | |  2.0
Spellcasting   | |  2.0
Air Magic      | |  4.7

Action                   || total
-------------------------++-------
Melee: Unarmed           ||     3
       Dagger            ||     4
       Kick              ||     1
       Peck              ||     1
 Cast: Shock             ||    41
Armor: Robe              ||     1
Dodge: Dodged            ||     4
